cohdb
Replays
Latest Replays
All Replays
Popular Replays
Top Player Replays
Match Explorer
How It Works
Community
CoH3 Stats
Reddit
Sign in to upload your games and track your stats! →
Sign in with Steam
Match 46893238
Unlisted
Match 46893238
Overview
Messages
Build Orders
End
Selects Luftwaffe Battlegroup
Selects Luftwaffe Pioneer Support
Fallschirmpioneer Squad Paradrop
Kettenkrad Recon Vehicle
Fallschirmpioneer Squad Paradrop
Construct Infanterie Kompanie
Infanterie Officer Quarters
Construct Panzergrenadier Kompanie
Selects Flak 38 Anti-Air Emplacement
251 Medium Carrier
Grenadier Squad
Grenadier Squad
Pak 40 Anti-tank Gun Team
Construct Panzer Kompanie
Stoßtruppen Squad
Panzer Officer Quarters
Selects Infantry Reserves
Stoßtruppen Squad
Panzer IV Medium Tank
Panzer IV Medium Tank
Selects Stuka Strafing Run
Stuka Strafing Run
Selects Fallschirmjäger Squad Paradrop
Grenadier Squad
Stuka Strafing Run
Selects Stuka Loiter
Panzer IV Medium Tank
Pioneer Squad
Stuka Loiter
Stoßtruppen Squad
Gear-IV-G
Task Force X
Boneless
drinu019
0
0
Comments
sign in to comment!
No comments posted yet!